 Dungeon Crawl Stone Soup version 0.28.0 (webtiles) character file.

Game seed: 17626419231371665676

192133 GordonOverkill the Severer (level 17, -10/140 HPs)
             Began as a Green Draconian Cinder Acolyte on Feb 18, 2022.
             Was a High Priest of Hepliaklqana.
             Killed by mirror damage (16 damage)
             ... on level 13 of the Dungeon.
             The game lasted 01:37:00 (58639 turns).

GordonOverkill the Severer (DrCA)                  Turns: 58639, Time: 01:37:01

Health: -10/140    AC: 19    Str: 23      XL:     17   Next: 60%
Magic:  8/8        EV: 14    Int: 14      God:    Hepliaklqana [*****.]
Gold:   2430       SH: 26    Dex:  6 (9)  Spells: 16/27 levels left

rFire   + . .      SeeInvis .   a - +4 broad axe (antimagic)
rCold   + + .      Faith    .   O - +5 tower shield {rC+}
rNeg    . . .      Spirit   .   (armour unavailable)
rPois   +          Reflect  +   (helmet restricted)
rElec   .          Harm     .   n - scarf {rC+ rF+}
rCorr   .          Rampage  .   D - +2 pair of gloves {Stlth+}
Will    .....                   F - +2 pair of boots
Stlth   ++........              u - amulet of reflection
HPRegen 0.33/turn               h - +4 ring of evasion
MPRegen 0.11/turn               I - +4 ring of protection

@: weak-willed, marked
A: reduced essence, breathe noxious fumes, AC +9, unfitting armour, stinger 1,
poison resistance, cold-blooded
}: 1/15 runes: decaying
a: Breathe Noxious Fumes, Renounce Religion, Recall Ancestor, Ancestor Identity,
Transference, Idealise


You were on level 13 of the Dungeon.
You worshipped Hepliaklqana.
Hepliaklqana was extremely pleased with you.
You visited 7 branches of the dungeon, and saw 31 of its levels.
You also visited: Bailey and Ice Cave.

You collected 4045 gold pieces.
You spent 1615 gold pieces at shops.

Inventory:

Hand Weapons
 a - a +4 antimagic broad axe (weapon)
 b - a +0 war axe of flaming
 S - a +3 broad axe of chaos
Missiles
 f - 40 poisoned darts (quivered)
 y - 2 throwing nets
 z - 14 curare-tipped darts
Armour
 k - a +1 cloak
 n - a scarf of resistance (worn)
 D - a +2 pair of gloves of stealth (worn)
 F - a +2 pair of boots (worn)
 O - a +5 tower shield of cold resistance (worn)
Jewellery
 e - an amulet of magic regeneration
 h - a +4 ring of evasion (left hand)
 j - a +6 ring of strength
 r - a ring of willpower
 u - an amulet of reflection (around neck)
 I - a +4 ring of protection (right hand)
 M - a +4 ring of evasion
 N - a +4 ring of protection
 V - a ring of see invisible
 X - a +4 ring of protection
Wands
 o - a wand of digging (15)
 p - a wand of flame (38)
 w - a wand of iceblast (7)
 G - a wand of acid (3)
 H - a wand of mindburst (31)
 K - a wand of paralysis (13)
 T - a wand of polymorph (9)
Scrolls
 g - 3 scrolls of magic mapping
 q - 9 scrolls of fog
 s - 15 scrolls of identify
 A - a scroll of vulnerability
 E - 2 scrolls of amnesia
 J - a scroll of holy word
 R - 5 scrolls of teleportation
Potions
 c - 13 potions of curing
 d - 3 potions of heal wounds
 i - 5 potions of flight
 l - a potion of magic
 m - 2 potions of mutation
 t - 6 potions of brilliance
 v - 4 potions of cancellation
 B - 3 potions of haste
 C - 2 potions of ambrosia
 L - a potion of lignification
 P - 4 potions of invisibility
 Q - 2 potions of resistance
Miscellaneous
 x - a box of beasts (inert)
 U - a phial of floods (inert)


   Skills:
 + Level 15.5 Fighting
 - Level 18.0 Axes
 - Level 2.0 Throwing
 + Level 6.1 Dodging
 + Level 15.4 Shields
 + Level 5.5 Spellcasting
 + Level 2.2 Conjurations
 - Level 5.0 Translocations
 + Level 5.7 Transmutations
 - Level 5.0 Fire Magic
 - Level 10.0 Invocations
 - Level 10.0 Evocations


You had 16 spell levels left.
You knew the following spells:

 Your Spells              Type           Power      Damage    Failure   Level
a - Scorch                Fire           34%        2d7       11%         2
b - Wereblood             Tmut           19%        N/A       9%          2
c - Blink                 Tloc           34%        N/A       11%         2
d - Irradiate             Conj/Tmut      7%         3d16      97%         5

Your spell library contained the following spells:

 Spells                   Type           Power      Damage    Failure   Level
 Beastly Appendage        Tmut           38%        N/A       5%          1
 Lesser Beckoning         Tloc           17%        N/A       22%         3
 Passwall                 Tmut/Erth      9%         N/A       26%         2
 Spider Form              Tmut/Pois      11%        N/A       47%         3
 Sandblast                Erth           6%         2d5       50%         1
 Summon Small Mammal      Summ           12%        N/A       50%         1
 Corpse Rot               Necr/Air       6%         N/A       65%         2
 Ensorcelled Hibernation  Hex/Ice        6%         N/A       65%         2
 Poisonous Vapours        Pois/Air       6%         N/A       65%         2
 Stone Arrow              Conj/Erth      14%        3d7       71%         3
 Call Canine Familiar     Summ           3%         N/A       86%         3
 Ice Form                 Ice/Tmut       11%        N/A       87%         4
 Manifold Assault         Tloc           17%        N/A       90%         5
 Hailstorm                Conj/Ice       7%         3d4       98%         4
 Anguish                  Hex/Necr       1%         N/A       99%         4
 Conjure Ball Lightning   Conj/Air       3%         3x3d6     100%        6
 Simulacrum               Ice/Necr       1%         N/A       100%        6
 Summon Cactus Giant      Summ           1%         N/A       100%        6
 Dragon Form              Tmut           9%         N/A       100%        7
 Discord                  Hex            1%         N/A       100%        8
 Disjunction              Tloc           8%         N/A       100%        8


Dungeon Overview and Level Annotations

Branches:
Dungeon (15/15)            Temple (1/1) D:7            Lair (6/6) D:11
  Swamp (4/4) Lair:2       Spider (2/4) Lair:2        Slime (0/5) Lair:5
    Orc (2/2) D:10            Elf (0/3) Orc:2        Vaults (1/5) D:13
 Depths (0/4) D:15         Bailey (visited)           IceCv (visited)

Altars:
Ashenzari
Cheibriados
Dithmenos
Elyvilon
Fedhas
Gozag
Hepliaklqana
Kikubaaqudgha
Makhleb
Nemelex Xobeh
Okawaru
Qazlal
Ru
Sif Muna
Trog
Uskayaw
Vehumet
Wu Jian
Xom
Yredelemnul
Zin
The Shining One

Shops:
D:5 !   D:10 (   D:15 *   Orc:1 *   Orc:2 [:(*

Annotations:
Spider:2 1 runed translucent door, Nikola; robotcentaur's ghost, adept TeNe


Innate Abilities, Weirdness & Mutations

Your life essence is reduced to manifest your ancestor. (-10% HP)
You can breathe blasts of noxious fumes.
Your lurid green scales are hard. (AC +9)
You cannot fit into any form of body armour.
Your tail ends in a venomous barb.
Your system is resistant to poisons. (rPois)
You are cold-blooded and may be slowed by cold attacks.


Message History

The death knight is lightly wounded.
The death knight hits you with a +0 battleaxe.
* * * LOW HITPOINT WARNING * * *
Aiming: Mindburst
Press: ? - help, Shift-Dir - straight line, f/p - death knight
Aim: a death knight, wielding a +0 battleaxe and wearing a +0 chain mail (lightly wounded, covered in acid, chance to affect: 48%)
Okay, then.
Really read the scroll of vulnerability?
As you read the scroll of vulnerability, it crumbles to dust.
Magic quickly surges around you. You block the death knight's attack.
Aiming: Paralyse
Press: ? - help, Shift-Dir - straight line, f/p - death knight
Aim: a death knight, wielding a +0 battleaxe and wearing a +0 chain mail (lightly wounded, weak-willed, covered in acid, chance to affect: 54%)
The death knight resists with significant effort.
The death knight offers itself to Yredelemnul, and fills with unholy energy.
Aiming: Paralyse
Press: ? - help, Shift-Dir - straight line, f/p - death knight
Aim: a death knight, wielding a +0 battleaxe and wearing a +0 chain mail (lightly wounded, reflecting injuries, weak-willed, covered in acid, chance to affect: 54%)
The death knight resists with significant effort.
The death knight hits you with a +0 battleaxe!!
* * * LOW HITPOINT WARNING * * *
Aiming: Paralyse
Press: ? - help, Shift-Dir - straight line, f/p - death knight
Aim: a death knight, wielding a +0 battleaxe and wearing a +0 chain mail (lightly wounded, reflecting injuries, weak-willed, covered in acid, chance to affect: 54%)
The death knight suddenly stops moving!
The helpless death knight fails to defend itself.
You slice the death knight!! You tail-slap the death knight.
The death knight is moderately wounded.
The death knight reflects your damage back at you!
* * * LOW HITPOINT WARNING * * *
The helpless death knight fails to defend itself.
You slice the death knight!!
The death knight is severely wounded.
The death knight reflects your damage back at you!
* * * LOW HITPOINT WARNING * * *
The helpless death knight fails to defend itself.
You chop the death knight into pieces!!!
You kill the death knight!
Your damage is reflected back at you!
You die...

###...##.......##...# #.##
#....####.....####..# #..# #.#.##
##...## ##.# ##.# ##.#.## ###'###
##.# #.####
#.....####..[..####..# #..##.
#......##.#...#.##...# ##.##.
#.......#...)...#....# #.##.
#.......'...∩...)....#######.##.
#####....#......@#....+..........
#.......##.#...#.##....######...#
#.###..####..[..####.).# ###.#
#<# #.## ###[### ##.## #..
#.###.## ##...## ##.# #######'
.......####.....####..# #.......
>.......##.......##...####.......
^.......................##.......
.........##...................)).


There were no monsters in sight!

Vanquished Creatures
  A thorn hunter (Swamp:1)
  Frances (Lair:2)
  Kirke (Lair:6)
  The ghost of Gabide the Warrior, a journeyman DsCK of Xom (Orc:2)
  The ghost of Ypsiuj the Thaumaturge, an adept GnSk of Makhleb (Swamp:2)
  Donald (Spider:1)
  Louise (Swamp:4)
  A frost giant (IceCv)
  An orc warlord (Orc:1)
  A spriggan defender (Swamp:2)
  A vampire knight (Swamp:4)
  2 bunyips (Swamp:2)
  2 fire dragons
  A shambling mangrove (Swamp:4)
  Erolcha (D:13)
  2 vault guards (D:13)
  A boulder beetle (D:10)
  18 hydras
  A death knight (D:13)
  A centaur warrior (D:13)
  A catoblepas (D:12)
  2 ghost crabs
  2 alligators
  5 two-headed ogres
  4 death yaks (IceCv)
  A tengu warrior (D:13)
  2 spriggan berserkers
  7 spriggans
  A pharaoh ant (Spider:1)
  A flayed ghost (Swamp:4)
  A steelbarb worm (Spider:1)
  2 goliath frogs
  3 spriggan druids
  2 bog bodies
  8 swamp dragons
  2 orb spiders
  A spectral hydra (Swamp:4)
  Pikel (D:7)
  A lindwurm (Vaults:1)
  3 deep elf pyromancers
  2 orc knights (Bailey)
  4 wolf spiders
  5 orc sorcerers (Orc:2)
  6 elephants
  10 cyclopes
  2 will-o-the-wisps
  A vault sentinel (D:13)
  2 manticores
  A moth of wrath (Swamp:2)
  A guardian serpent (Lair:6)
  4 black mambas
  4 centaur zombies
  2 gargoyles
  2 torpor snails (Spider:2)
  12 cane toads
  9 rime drakes
  3 unseen horrors
  A freezing wraith (Swamp:4)
  2 komodo dragons (Lair:4)
  A kobold demonologist (D:13)
  A tengu conjurer (D:13)
  A wandering mushroom (Swamp:4)
  2 demonic crawlers
  6 polar bears
  19 hornets
  4 tarantellas
  Prince Ribbit (D:7)
  6 trolls
  3 tyrant leeches
  2 slime creatures (D:13)
  A death drake skeleton (Swamp:4)
  5 dream sheep (Lair:6)
  18 blink frogs
  2 jumping spiders (Spider:1)
  2 wraiths (D:11)
  A vampire (D:11)
  7 wyverns
  2 hogs (Lair:6)
  36 yaks
  2 culicivoras
  9 fire elementals
  6 basilisks
  4 steam dragons
  19 redbacks
  A basilisk (shapeshifter) (D:13)
  8 vampire mosquitoes
  10 swamp worms
  4 wargs (Orc:2)
  2 acid dragons
  12 water moccasins
  Duvessa (D:7)
  A meliai simulacrum (D:14)
  3 hydra simulacra (Swamp:4)
  20 orc warriors
  3 swamp drakes
  6 ogres
  A black bear (D:5)
  A necrophage (D:4)
  A sky beast (D:4)
  24 wolves
  6 centaurs
  3 kobold brigands
  2 battlemagi
  12 bullfrogs
  5 gnoll sergeants
  4 scorpions
  4 earth elementals (D:12)
  A water moccasin zombie (D:6)
  Dowan (D:7)
  A water moccasin skeleton (D:5)
  9 killer bees
  5 electric eels
  4 howler monkeys
  A centaur skeleton (D:5)
  7 orc priests
  6 hounds
  3 jellies
  2 gnoll shamans
  5 iguanas
  Ijyb (D:3)
  10 orc wizards
  2 killer bee zombies
  A howler monkey zombie (D:9)
  Robin (D:3)
  2 howler monkey skeletons
  22 gnolls
  4 adders
  2 white imps
  A dart slug (D:4)
  2 worms
  45 orcs
  7 ball pythons
  10 endoplasms
  4 giant cockroaches
  17 goblins
  8 hobgoblins
  6 jackals (D:1)
  6 quokkas
  5 bats
  3 frilled lizards (D:1)
  15 kobolds
  4 rats
  3 butterflies (Lair:2)
683 creatures vanquished.

Vanquished Creatures (collateral kills)
  A thorn hunter (Swamp:4)
  A ghost moth (Spider:2)
  4 eleionomae
  A vampire knight (Swamp:4)
  A spark wasp (Spider:1)
  A bunyip (Swamp:3)
  5 shambling mangroves (Swamp:4)
  An ice dragon (D:15)
  2 vault guards (D:13)
  A catoblepas (D:15)
  4 hydras
  A ghost crab (Swamp:1)
  An ogre mage (D:13)
  3 centaur warriors
  4 death yaks
  8 alligators
  2 orc high priests (Orc:2)
  2 goliath frogs (Swamp:2)
  An orb spider (Spider:2)
  2 bog bodies (Swamp:1)
  A spriggan druid (Swamp:2)
  A spectral hydra (Swamp:4)
  A lindwurm (Vaults:1)
  3 phantasmal warriors (Swamp:4)
  A death drake (Swamp:1)
  A wizard (D:13)
  8 swamp dragons
  2 orc knights
  5 wolf spiders
  2 orc sorcerers (Orc:2)
  An ugly thing (D:13)
  4 cyclopes
  5 will-o-the-wisps
  A manticore (D:13)
  2 black mambas (Lair:6)
  3 elephants (Lair:4)
  4 cane toads
  2 torpor snails
  An ice statue (IceCv)
  2 demonic crawlers (Spider:1)
  3 rime drakes (IceCv)
  A kobold demonologist (D:13)
  2 freezing wraiths (Swamp:4)
  2 komodo dragons (Lair:6)
  A wandering mushroom (Swamp:4)
  4 hydra zombies (Swamp:4)
  A tyrant leech (Swamp:2)
  2 polar bears (IceCv)
  2 trolls
  A hydra skeleton (Swamp:4)
  11 hornets
  A tarantella (Spider:1)
  2 blink frogs
  2 dream sheep (Lair:6)
  A jumping spider (Spider:1)
  A culicivora (Spider:1)
  4 wyverns
  8 spriggans
  3 fire elementals
  7 yaks
  A steam dragon (Lair:6)
  3 basilisks
  A golden eye (shapeshifter) (D:13)
  12 redbacks
  4 vampire mosquitoes
  9 swamp worms
  8 water moccasins
  A hydra simulacrum (Swamp:4)
  4 swamp drakes
  13 orc warriors
  A swamp dragon zombie (Swamp:4)
  An ogre (Orc:2)
  8 wolves
  A swamp dragon skeleton (Swamp:4)
  A centaur (D:13)
  4 kobold brigands
  A bullfrog (Lair:5)
  A gnoll sergeant (D:10)
  An earth elemental (D:12)
  A killer bee (D:11)
  An electric eel (Lair:6)
  6 orc priests
  2 iguanas (Lair:6)
  2 orc wizards
  A gnoll (D:10)
  6 orcs (Orc:1)
  A kobold (D:13)
250 creatures vanquished.

Vanquished Creatures (others)
  A boulder beetle (Spider:2)
  2 cane toads (Lair:6)
  4 bloated husks (Swamp:1)
  A tarantella (Spider:2)
  2 slime creatures (Lair:5)
  A hornet (Swamp:2)
  A jumping spider (Spider:2)
  A yak (D:9)
  A culicivora (Spider:2)
  5 humans (Lair:6)
  A wraith (D:9)
  2 redbacks (Spider:2)
  A basilisk (Lair:6)
  A spriggan (Swamp:2)
  A swamp worm (Swamp:1)
  A water moccasin (Lair:6)
  4 ancestors
  29 battlemagi
  A bush (Lair:6)
  189 foxfires
  88 fungi
  172 plants
509 creatures vanquished.

Grand Total: 1442 creatures vanquished

Notes
Turn   | Place    | Note
-------+----------+-------------------------------------------
     0 | D:1      | GordonOverkill the Draconian Cinder Acolyte began the quest
                  | for the Orb.
     0 | D:1      | Reached XP level 1. HP: 19/19 MP: 2/2
    62 | D:1      | Reached XP level 2. HP: 17/26 MP: 3/3
   494 | D:1      | Learned a level 2 spell: Scorch
   793 | D:1      | Found a faded altar of an unknown god.
   824 | D:1      | Reached XP level 3. HP: 25/33 MP: 0/5
  2821 | D:3      | Noticed Ijyb
  2854 | D:3      | Killed Ijyb
  2855 | D:3      | Reached XP level 4. HP: 11/40 MP: 2/7
  3133 | D:3      | Noticed Robin
  3210 | D:3      | Killed Robin
  3403 | D:2      | Reached skill level 1 in Throwing
  3611 | D:3      | Reached XP level 5. HP: 25/46 MP: 1/8
  4305 | D:3      | Learned a level 2 spell: Wereblood
  4588 | D:4      | Noticed a necrophage
  4783 | D:4      | Killed a necrophage
  4784 | D:4      | Reached skill level 4 in Axes
  4784 | D:4      | Reached skill level 1 in Transmutations
  4784 | D:4      | Reached XP level 6. HP: 53/53 MP: 9/9
  5757 | D:4      | You fall into a shaft and drop 3 floors!
  5757 | D:7      | Noticed Duvessa
  5757 | D:7      | Noticed Dowan
  5766 | D:7      | Killed Duvessa
  5767 | D:7      | Reached skill level 5 in Fighting
  5767 | D:7      | Your scales start taking on a lurid green colour.
  5767 | D:7      | Reached XP level 7. HP: 62/62 MP: 11/11
  5767 | D:7      | Gained mutation: Your system is resistant to poisons.
                  | (rPois) [Green Draconian growth]
  5768 | D:7      | Killed Dowan
  5769 | D:7      | Reached skill level 5 in Axes
  6192 | D:7      | Noticed Pikel
  6229 | D:7      | Killed Pikel
  6230 | D:7      | Reached skill level 6 in Axes
  6230 | D:7      | Reached XP level 8. HP: 52/74 MP: 3/12
  6419 | D:7      | Noticed Prince Ribbit
  6431 | D:7      | Killed Prince Ribbit
  6432 | D:7      | Reached skill level 7 in Axes
  6596 | D:7      | Found a staircase to the Ecumenical Temple.
  6645 | D:7      | Reached skill level 8 in Axes
  7836 | D:6      | Reached XP level 9. HP: 67/81 MP: 13/13
  8181 | D:6      | Reached skill level 9 in Axes
  8575 | D:6      | Reached skill level 1 in Shields
  8844 | D:5      | Entered Level 5 of the Dungeon
  8889 | D:5      | Found Yfemnej's Distillery.
  9763 | D:5      | Bought a potion of haste for 100 gold pieces
  9763 | D:5      | Bought a potion of curing for 30 gold pieces
  9763 | D:5      | Bought a potion of ambrosia for 80 gold pieces
 10812 | D:8      | Reached skill level 10 in Axes
 10893 | D:8      | Killed an unseen horror
 11084 | D:8      | Noticed a two-headed ogre
 11355 | D:8      | Reached XP level 10. HP: 76/88 MP: 14/14
 11429 | D:8      | Reached skill level 5 in Shields
 12730 | D:7      | Found a staircase to the Ecumenical Temple.
 13094 | D:8      | Killed a two-headed ogre
 13095 | D:8      | Reached skill level 11 in Axes
 13871 | D:9      | Found a flagged portal.
 13888 | Bailey   | Entered a bailey
 14005 | Bailey   | Noticed an orc knight
 14183 | Bailey   | Noticed an orc knight
 14259 | Bailey   | Killed an orc knight
 14460 | Bailey   | Killed an orc knight
 14461 | Bailey   | Reached skill level 12 in Axes
 14512 | Bailey   | Identified the +6 plate armour of Xiytu {-Tele Rampage
                  | rF+++ Int-2}
 14513 | Bailey   | Identified the +1 chain mail of Mirth {Rampage rElec Dex-5}
 14899 | D:10     | Entered Level 10 of the Dungeon
 14917 | D:10     | Noticed a two-headed ogre
 14934 | D:10     | Killed a two-headed ogre
 14935 | D:10     | Reached XP level 11. HP: 73/94 MP: 15/15
 15250 | D:10     | Noticed a boulder beetle
 15280 | D:10     | Killed a boulder beetle
 15776 | D:10     | Found Esoept's Weapon Boutique.
 16005 | D:10     | Found a glowing golden altar of the Shining One.
 16198 | D:10     | Found a staircase to the Orcish Mines.
 17082 | D:11     | Noticed a two-headed ogre
 17092 | D:11     | Killed a two-headed ogre
 17093 | D:11     | Reached skill level 13 in Axes
 17327 | D:11     | Found a staircase to the Lair.
 17436 | D:11     | Identified a scroll of acquirement
 17436 | D:11     | Acquired a +3 antimagic broad axe
 17438 | D:11     | Noticed a two-headed ogre
 17450 | D:11     | Killed a two-headed ogre
 17451 | D:11     | Reached skill level 1 in Evocations
 18329 | D:11     | Learned a level 2 spell: Blink
 18355 | D:12     | Noticed a deep elf pyromancer
 18626 | D:12     | Killed a deep elf pyromancer
 18627 | D:12     | Reached skill level 10 in Shields
 18711 | D:11     | Reached skill level 1 in Translocations
 19427 | D:12     | Noticed a deep elf pyromancer
 19437 | D:12     | Killed a deep elf pyromancer
 19495 | D:12     | Reached XP level 12. HP: 103/103 MP: 17/17
 19503 | D:12     | Noticed a six-headed hydra
 19885 | D:12     | Killed a six-headed hydra
 20547 | Lair:1   | Entered Level 1 of the Lair of Beasts
 20741 | Lair:1   | Noticed an eight-headed hydra
 20750 | Lair:1   | Killed an eight-headed hydra
 21026 | Lair:1   | Noticed a six-headed hydra
 21035 | Lair:1   | Killed a six-headed hydra
 21521 | Lair:1   | You fall into a shaft and drop 1 floor!
 21575 | Lair:2   | Reached skill level 5 in Transmutations
 21575 | Lair:2   | Reached skill level 5 in Fire Magic
 23316 | Lair:2   | Reached skill level 1 in Dodging
 23572 | Lair:2   | Found a hole to the Spider Nest.
 24382 | Temple   | Entered the Ecumenical Temple
 24490 | Temple   | Fell from the grace of Ignis
 24490 | Temple   | Became a worshipper of Hepliaklqana the Forgotten
 24929 | Lair:2   | Reached skill level 1 in Invocations
 25994 | Lair:2   | Found a staircase to the Swamp.
 26585 | Lair:2   | Reached skill level 5 in Spellcasting
 26821 | Lair:3   | Reached XP level 13. HP: 111/111 MP: 6/20
 26821 | Lair:3   | Reached * piety under Hepliaklqana
 27283 | Lair:3   | You fall into a shaft and drop 3 floors!
 27283 | Lair:6   | Entered Level 6 of the Lair of Beasts
 27304 | Lair:5   | Reached skill level 14 in Axes
 27685 | Lair:5   | Reached skill level 5 in Evocations
 28257 | Lair:5   | Reached ** piety under Hepliaklqana
 28283 | Lair:5   | Reached skill level 10 in Fighting
 28470 | Lair:5   | Found a staircase to the Slime Pits.
 28484 | Lair:5   | Was forgiven by Ignis
 29009 | Lair:4   | Reached skill level 5 in Translocations
 29734 | Lair:4   | Remembered your ancestor Kleine Eule as a battlemage
 32167 | Lair:6   | Reached skill level 5 in Invocations
 32178 | Lair:6   | Reached *** piety under Hepliaklqana
 32179 | Lair:6   | Noticed Kirke
 32228 | Lair:6   | Killed Kirke
 32454 | Lair:6   | Gained mutation: Your tail ends in a venomous barb. [Green
                  | Draconian growth]
 32454 | Lair:6   | Reached XP level 14. HP: 96/109 MP: 7/21
 32565 | Lair:6   | Reached skill level 5 in Dodging
 32855 | Lair:6   | Acquired 1127 gold pieces
 32984 | Lair:6   | Reached skill level 15 in Axes
 35141 | D:13     | Noticed Erolcha
 35148 | D:13     | Killed Erolcha
 35188 | D:13     | Found a frozen archway.
 35210 | IceCv    | Entered an ice cave
 35960 | IceCv    | Reached skill level 16 in Axes
 35980 | IceCv    | Noticed a frost giant
 36005 | IceCv    | Killed a frost giant
 36542 | IceCv    | Reached XP level 15. HP: 98/118 MP: 7/22
 36834 | D:13     | Reached **** piety under Hepliaklqana
 37264 | D:13     | Found a gate to the Vaults.
 38274 | D:14     | Found an iron altar of Okawaru.
 38562 | D:12     | Reached skill level 17 in Axes
 39001 | D:15     | Entered Level 15 of the Dungeon
 39424 | D:15     | Reached skill level 15 in Shields
 39538 | D:15     | Found Nimass's General Store.
 39546 | D:15     | Bought a scroll of blinking for 97 gold pieces
 39546 | D:15     | Bought a wand of acid (2) for 156 gold pieces
 39546 | D:15     | Bought a scroll of enchant armour for 97 gold pieces
 39555 | D:15     | Found a staircase to the Depths.
 39876 | Orc:1    | Entered Level 1 of the Orcish Mines
 40129 | Orc:1    | Reached ***** piety under Hepliaklqana
 40183 | Orc:1    | Found Iwiqora's General Store.
 40242 | Orc:1    | Bought a scroll of teleportation for 42 gold pieces
 40242 | Orc:1    | Bought a potion of heal wounds for 70 gold pieces
 40309 | Orc:2    | Entered Level 2 of the Orcish Mines
 40309 | Orc:2    | Found Kyvveu's Book Shoppe.
 40375 | Orc:2    | Found a staircase to the Elven Halls.
 40436 | Orc:2    | Noticed an orc warlord
 40439 | Orc:2    | Found Sol Adim's General Store.
 40724 | Orc:1    | Killed an orc warlord
 40923 | Orc:2    | Reached skill level 18 in Axes
 41287 | Orc:2    | Bought a wand of iceblast (5) for 153 gold pieces
 41287 | Orc:2    | Bought a box of beasts for 680 gold pieces
 41287 | Orc:2    | Bought a scroll of magic mapping for 59 gold pieces
 41287 | Orc:2    | Bought a scroll of teleportation for 51 gold pieces
 41359 | Orc:2    | Found Wukh's Antique Weapon Boutique.
 41422 | Orc:2    | Found Tonafi Bava's Antique Armour Boutique.
 41437 | Orc:2    | Found a transporter.
 41440 | Orc:2    | Noticed Gabide's ghost (journeyman DsCK)
 41448 | Orc:2    | Found a transporter.
 41690 | Orc:2    | Killed Gabide's ghost
 41957 | Swamp:1  | Entered Level 1 of the Swamp
 41965 | Swamp:1  | Noticed Frances
 42235 | Lair:2   | Killed Frances
 43072 | Swamp:1  | You fall into a shaft and drop 1 floor!
 43254 | Swamp:1  | Reached XP level 16. HP: 126/126 MP: 7/23
 43768 | Swamp:1  | Noticed a thorn hunter
 44095 | Swamp:1  | Killed a thorn hunter
 45101 | Swamp:2  | Noticed Ypsiuj's ghost (adept GnSk)
 45103 | Swamp:2  | Found a bloodstained altar of Trog.
 45111 | Swamp:2  | Found a transporter.
 45148 | Swamp:2  | Found a transporter.
 45439 | Swamp:2  | Killed Ypsiuj's ghost
 45662 | Swamp:2  | Identified the +7 flail of World Downfall {vorpal, Str+9}
 45673 | Swamp:2  | Found a transporter.
 47587 | Swamp:4  | Entered Level 4 of the Swamp
 47891 | Swamp:4  | Noticed a thorn hunter
 48938 | Swamp:4  | Noticed Louise
 48960 | Swamp:4  | Killed Louise
 49451 | Swamp:4  | Paralysed by a vampire knight for 6 turns
 50432 | Swamp:4  | Reached XP level 17. HP: 138/138 MP: 8/24
 50447 | Swamp:4  | Reached skill level 10 in Invocations
 54741 | Swamp:4  | Reached skill level 15 in Fighting
 54741 | Swamp:4  | Reached skill level 10 in Evocations
 54921 | Swamp:4  | Found a blossoming altar of Fedhas.
 55256 | Swamp:4  | Got a decaying rune of Zot
 55339 | Swamp:4  | Found a basalt altar of Yredelemnul.
 55548 | Spider:1 | Entered Level 1 of the Spider Nest
 55783 | Spider:1 | Identified the +0 pair of boots of Inviolability {*Corrode
                  | Str+2 Int+7}
 55931 | Spider:1 | Acquired the Compendium of Satyriasis
 55939 | Spider:1 | Learned a level 5 spell: Irradiate
 56197 | Spider:1 | Noticed Donald
 56533 | Spider:1 | Killed Donald
 56692 | Spider:1 | Reached skill level 1 in Conjurations
 56734 | Spider:2 | Noticed robotcentaur's ghost (adept TeNe)
 56734 | Spider:2 | Found a runed translucent door.
 58109 | Spider:2 | Noticed Nikola
 58588 | Vaults:1 | Entered Level 1 of the Vaults
 58638 | D:13     | HP: 6/140 [mirror damage (22)]
 58639 | D:13     | Killed by mirror damage

Illustrated notes

Levels and vault maps discovered:
D:1:      amcnicky_arrival_abandoned_market, layout_rooms,
          dreamdust_ecumenical_altar_grove,
          nicolae_concentric_dashed_squares_wild, minmay_heptomino_h4
D:2:      layout_rooms, minmay_misc_feat_rugged
D:3:      layout_loops_ring, uniq_robin, uniq_ijyb
D:4:      layout_loops_ring, kennysheep_nub
D:5:      layout_cave_pools, serial_shops, shop,
          minmay_fractal_squares_diagonal_5
D:6:      layout_basic, st_stairs_5
D:7:      layout_loops_cross, minmay_temple_entry_nine_rooms, minivault_25,
          nicolae_elevator_lobby_plus, uniq_duvessa, uniq_pikel,
          uniq_prince_ribbit1
D:8:      layout_basic, chequers_garden, minivault_14
D:9:      layout_rooms, enter_bailey_3, lemuel_flamethrower_hall
D:10:     layout_stronghold, tso_altar, kennysheep_orc_monster_closet_entryway,
          serial_shops, nicolae_lakefront_shop
D:11:     layout_roguey, lair_entry_dummy, hangedman_decor_slide_cut
D:12:     layout_long_grid, hangedman_cracks_in_the_wall
D:13:     layout_roguey, lightli_vaults_fourway_checkpoint,
          portal_ice_cave_rime, minmay_fractal_squares_gapless_7, uniq_erolcha
D:14:     layout_long_grid, okawaru_trees_1
D:15:     grunt_enter_depths_hoard, layout_basic, serial_shops, shop,
          roderic_serpentine_path, dk_noncrumbling_4
Temple:   compressed_dpeg_circular_temple
Lair:1:   layout_cellular_growth, lemuel_fruit_tree
Lair:2:   layout_cave_pods, nicolae_swamp_entry_splash_gauntlet,
          nicolae_spider_entry_orb_guardian, lemuel_fruit_fields,
          serial_bayou_shore_b, lemuel_fruit_fields
Lair:3:   layout_cave_pods, grunt_megastairs_2
Lair:4:   layout_regular_city, worms_lemuel, lemuel_fruit_fields
Lair:5:   layout_regular_city, minmay_slime_entry_pillars,
          infiniplex_staircase_pool_2
Lair:6:   hangedman_lair_tendril_chambers, layout_regular_city,
          guppyfry_lair_end_dragon, serial_bayou_lagoon_b,
          infiniplex_staircase_pool, serial_bayou_shore_a, uniq_kirke
Swamp:1:  layout_falls_marsh, evilmike_swamp_ruin_house_2, swamp_pool1,
          hangedman_swamp_cone, ldierk_geyser, roderic_carrion_pond,
          uniq_frances
Swamp:2:  layout_basic_swamp, gammafunk_ghost_wrathful_warriors,
          evilmike_swamp_ruin_house_6
Swamp:3:  layout_basic_swamp, serial_swamp_ruin, evilmike_swamp_ruin_house_5,
          evilmike_swamp_ruin_house_3
Swamp:4:  byrel_swamp_growth_death_and_undeath, layout_basic_swamp, uniq_louise
Spider:1: layout_spider_delve, uniq_donald
Spider:2: layout_spider_delve, hellmonk_ghost_happy_afterlife, uniq_arachne,
          uniq_nikola
Orc:1:    layout_diamond_mine, serial_shops, nicolae_shop_waterfront
Orc:2:    grunt_orc_gardens, layout_diamond_mine, grunt_orc_garden,
          grunt_orc_garden, grunt_orc_garden, grunt_orc_garden,
          gammafunk_ghost_arena
Vaults:1: gammafunk_ghost_fury_of_okawaru, nicolae_vaults_stairing_the_circle,
          nicolae_vaults_triangles, v_misc_5, nicolae_vaults_back_hallway,
          nicolae_vaults_little_squares_3, nicolae_vaults_border_crossing,
          vaults_room_corners, layout_vaults_omnigrid

Skill      XL: |  1  2  3  4  5  6  7  8  9 10 11 12 13 14 15 16 17 |
---------------+----------------------------------------------------+-----
Spellcasting   | 2 3 5 |  5.5
Fighting       | 4 5 7 8 9 10 12 14 15 | 15.5
Throwing       | 1 2 |  2.0
Axes           | 4 6 8 10 12 13 14 16 18 | 18.0
Transmutations | 1 2 4 5 |  5.7
Fire Magic     | 4 5 |  5.0
Shields        | 4 8 10 11 13 15 | 15.4
Evocations     | 2 4 5 6 9 10 | 10.0
Translocations | 1 4 5 |  5.0
Dodging        | 2 4 5 6 |  6.1
Invocations    | 1 5 6 9 10 | 10.0
Conjurations   | 2 |  2.2

Action                   |  1- 3 |  4- 6 |  7- 9 | 10-12 | 13-15 | 16-18 || total
-------------------------+-------+-------+-------+-------+-------+-------++-------
Melee: Hand axe          |   127 |    18 |       |       |       |       ||   145
       Tailslap          |     9 |     1 |    39 |   168 |   171 |   107 ||   495
       Whip              |       |       |   280 |   299 |       |       ||   579
       Punch             |       |       |     1 |       |       |       ||     1
       Spear             |       |       |       |   460 |       |       ||   460
       Broad axe         |       |       |       |   108 |   931 |   642 ||  1681
       War axe           |       |       |       |       |    85 |    40 ||   125
Throw: Dart              |       |       |       |     3 |     1 |       ||     4
 Cast: Scorch            |    31 |    64 |    20 |    64 |       |     1 ||   180
       Wereblood         |       |       |       |     2 |     2 |       ||     4
Invok: Fiery Armour      |     1 |       |       |     1 |       |       ||     2
       Foxfire Swarm     |       |     3 |       |     4 |       |       ||     7
       Rising Flame      |       |       |       |     1 |       |       ||     1
       Recall Ancestor   |       |       |       |       |     6 |     4 ||    10
       Ancestor Life: Ba |       |       |       |       |     1 |       ||     1
       Ancestor Identity |       |       |       |       |     1 |       ||     1
       Idealise          |       |       |       |       |       |     1 ||     1
 Abil: Breathe Noxious F |       |       |    36 |    60 |    38 |    17 ||   151
Evoke: Wand              |       |       |       |    21 |    12 |    25 ||    58
       Box of beasts     |       |       |       |       |       |     3 ||     3
       Phial of floods   |       |       |       |       |       |     1 ||     1
  Use: Scroll            |     3 |     2 |     5 |    17 |    13 |    14 ||    54
       Potion            |       |       |     1 |     6 |     4 |    10 ||    21
 Stab: Confused          |       |       |    16 |    35 |    22 |     3 ||    76
       Sleeping          |       |       |       |       |     4 |       ||     4
       Distracted        |       |       |       |       |     5 |    12 ||    17
       Paralysed         |       |       |       |       |       |    12 ||    12
Armor: Skin              |    49 |     4 |    79 |   277 |   206 |   257 ||   872
Dodge: Dodged            |    80 |    31 |   191 |   427 |   387 |   272 ||  1388
Block: Kite shield       |       |       |    59 |   406 |   504 |       ||   969
       Reflection        |       |       |       |       |    19 |    20 ||    39
       Tower shield      |       |       |       |       |   425 |   929 ||  1354
